 Dungeon Crawl Stone Soup version 0.17-a0-1435-geafbe2f (webtiles) character file.

146 pulse the Chopper (level 5, 0/41 HPs)
             Began as a Formicid Fighter on June 26, 2015.
             Killed by divine providence
             ... invoked by an orc priest
              (16 damage)
             ... on level 2 of the Dungeon.
             The game lasted 00:05:11 (1961 turns).

pulse the Chopper (Formicid Fighter)                Turns: 1961, Time: 00:05:12

Health: 0/41       AC:  9    Str: 21    XL:     5   Next: 53%
Magic:  5/5        EV:  7    Int:  8    God:
Gold:   26         SH:  9    Dex: 10    Spells: 0 memorised, 4 levels left

rFire  . . .     SeeInvis +     s - +2 hand axe (freeze)
rCold  . . .     Clarity  .     b - +0 scale mail
rNeg   . . .     SustAt   .     c - +0 shield
rPois  .         Gourm    .     (helmet unavailable)
rElec  .         Spirit   .     o - +0 cloak
rCorr  .         Warding  .     (no gloves)
rMut   .         Stasis   +     n - +0 pair of boots
MR     .....                    (no amulet)
Stlth  ..........               (no ring)
                                (no ring)

@: not resistant to hostile enchantments, extremely unstealthy
A: permanent stasis, dig shafts and tunnels, four strong arms, antennae 3
a: Dig, Shaft Self


You were on level 2 of the Dungeon.
You were not hungry.

You visited 1 branch of the dungeon, and saw 3 of its levels.

You collected 26 gold pieces.

Inventory:

Hand weapons
 a - a +0 war axe
 s - a +2 hand axe of freezing (weapon)
Armour
 b - a +0 scale mail (worn)
 c - a +0 shield (worn)
 n - a +0 pair of boots (worn)
 o - a +0 cloak (worn)
Scrolls
 f - 2 scrolls of recharging
 i - a scroll of remove curse
 l - a scroll of noise {unknown}
 m - a scroll of amnesia {unknown}
 r - a scroll of random uselessness {unknown}
Potions
 d - a potion of mutation {unknown}
 g - a potion of invisibility {unknown}
 h - 2 potions of flight {unknown}
 j - a potion of agility {unknown}
 p - a potion of heal wounds {unknown}
 q - a potion of curing {unknown}
Comestibles
 e - a bread ration
 k - 3 meat rations


   Skills:
 - Level 3.2 Fighting
 * Level 5.3 Axes
 - Level 3.2 Armour
 - Level 3.6 Shields


You had 4 spell levels left.
You didn't know any spells.

Dungeon Overview and Level Annotations

Branches:
Dungeon (3/15)

Altars:


Innate Abilities, Weirdness & Mutations

You are under a permanent stasis effect.
You can dig through walls and to a lower floor.
Your four strong arms can wield two-handed weapons with a shield.
You have a pair of large antennae on your head (SInv).


Message History

The orc priest is moderately wounded.
You hit the orc. You freeze the orc.
The orc is moderately wounded.
The orc priest hits you with a dagger. The orc closely misses you.
You closely miss the orc priest.
The orc priest is moderately wounded.
You hit the orc but do no damage.
The orc is moderately wounded.
The orc priest hits you but does no damage.
You block the orc's attack.
You barely miss the orc priest.
The orc priest is moderately wounded.
You hit the orc. You freeze the orc.
You kill the orc!
The orc priest barely misses you.
You hit the orc priest. You freeze the orc priest.
The orc priest is almost dead.
The orc priest mumbles some strange prayers to Beogh against you.
Something smites you!
You die...

#.#..## ##..#.).).))....###
#.#.#.###.#...###.)†...## #
#.#.##.#.##...# ##.###.# #
#.............####)###.####
#..........................
###..###.####..........#.##
#..# #.# #.#######..#.#
#..###.####.# #.?#.#
#..##..)@o..# #.##.#
#......###### #.##.#
##.#...############.##.#
####.#...##..............#
#........##.#########.####
#.##.#...##.# #.#
#.##.#<..##.# #.#
#<##...(.##.#########.#
##.##..................#####


You could see an orc priest.

Vanquished Creatures
  Crazy Yiuf (D:2)
  Robin (D:2)
  2 adders (D:2)
  An ooze (D:1)
  3 worms (D:2)
  3 orcs (D:2)
  2 bats (D:1)
  4 giant cockroaches
  10 goblins
  15 hobgoblins
  7 jackals
  A quokka (D:2)
  3 ball pythons
  2 giant geckos
  4 giant newts
  4 kobolds
  7 rats
70 creatures vanquished.

Notes
Turn   | Place    | Note
--------------------------------------------------------------
     0 | D:1      | pulse the Formicid Fighter began the quest for the Orb.
     0 | D:1      | Reached XP level 1. HP: 18/18 MP: 1/1
   358 | D:1      | Reached XP level 2. HP: 24/24 MP: 2/2
   836 | D:1      | Reached XP level 3. HP: 29/29 MP: 3/3
  1168 | D:2      | Reached XP level 4. HP: 32/35 MP: 4/4
  1181 | D:2      | Reached skill level 4 in Axes
  1560 | D:2      | Noticed Crazy Yiuf
  1566 | D:2      | Killed Crazy Yiuf
  1566 | D:2      | Reached XP level 5. HP: 31/41 MP: 5/5
  1673 | D:2      | Reached skill level 5 in Axes
  1690 | D:2      | Noticed Robin
  1700 | D:2      | Killed Robin
  1961 | D:2      | Killed from afar by an orc priest

Vault maps used:
D:1:      scummos_arrival_checkerplants
D:2:      uniq_robin, uniq_crazy_yiuf_cottage
D:3:      first_bread, minmay_gold_behind_fungi, lemuel_angel_altar

Action                   |  1- 3 |  4- 6 || total
-------------------------+-------+-------++-------
Melee: War axe           |    95 |    91 ||   186
       Hand axe          |       |     5 ||     5
  Use: Scroll            |     3 |       ||     3
       Potion            |       |     1 ||     1
  Eat: Chunk             |     1 |       ||     1
       Bread ration      |       |     1 ||     1
